 Dungeon Crawl Stone Soup version 0.26-a0-812-g31a745ddcd (webtiles) character file.

Game seed: 9895521310514672713

44 Pyrtan the Digger (level 3, 0/19 HPs)
             Began as a Gargoyle Earth Elementalist on Nov 14, 2020.
             Slain by an orc
             ... wielding a +0 flail
              (6 damage)
             ... on level 2 of the Dungeon.
             The game lasted 00:02:34 (1231 turns).

Pyrtan the Digger (Gargoyle Earth Elementalist)     Turns: 1231, Time: 00:02:34

Health: 0/19       AC:  5    Str: 11    XL:     3   Next: 60%
Magic:  7/7        EV: 12    Int: 16    God:
Gold:   75         SH:  0    Dex: 10    Spells: 3/7 levels left

rFire    . . .     SeeInvis .   n - +2 dagger (elec)
rCold    . . .     Faith    .   (no shield)
rNeg     + . .     Spirit   .   c - +0 robe
rPois    ∞         Reflect  .   (no helmet)
rElec    +         Harm     .   (no cloak)
rCorr    .         Rampage  .   (no gloves)
MR       .....                  (no boots)
Stlth    ++........             (no amulet)
HPRegen  0.06/turn              (no ring)
MPRegen  0.10/turn              (no ring)

@: no status effects
A: negative energy resistance 1, electricity resistance, unbreathing,
petrification resistance, rot immunity, AC +3
a: no special abilities


You were on level 2 of the Dungeon.
You visited 1 branch of the dungeon, and saw 2 of its levels.

You collected 75 gold pieces.

Inventory:

Hand Weapons
 e - a +0 club
 n - a +2 dagger of electrocution (weapon)
Missiles
 b - 101 stones (quivered)
 d - 2 curare-tipped darts
Armour
 c - a +0 robe (worn)
Scrolls
 a - 2 scrolls of immolation {unknown}
 h - 2 scrolls of amnesia {unknown}
 k - a scroll of blinking {unknown}
 l - a scroll of teleportation {unknown}
 m - a scroll of remove curse {unknown}
Potions
 f - a potion of lignification {unknown}
 g - 2 potions of curing {unknown}
 i - a potion of mutation {unknown}
 j - a potion of heal wounds {unknown}


   Skills:
 - Level 1.5 Dodging
 - Level 2.1 Stealth
 + Level 2.8 Spellcasting
 + Level 0.7 Conjurations
   Level 0.7 Transmutations
 + Level 4.5 Earth Magic


You had 3 spell levels left.
You knew the following spells:

 Your Spells              Type           Power        Failure   Level
a - Sandblast             Erth           ###...       3%          1
b - Stone Arrow           Conj/Erth      ##....       19%         3

Your spell library contained the following spells:

 Spells                   Type           Power        Failure   Level
 Passwall                 Tmut/Erth      ##......     10%         2
 Petrify                  Tmut/Erth      ##......     54%         4
 Lee's Rapid Deconstruct  Erth           ###.......   63%         5


Dungeon Overview and Level Annotations

Branches:
Dungeon (2/15)

Altars:


Innate Abilities, Weirdness & Mutations

You are resistant to torment.
Your stone body is resilient. (AC +3)
You are immune to poison.
You resist negative energy. (rN+)
You are resistant to electric shocks. (rElec)
You can survive without breathing.
You are immune to petrification.
You are immune to rotting.


Message History

You are too injured to fight recklessly!
You are too injured to fight recklessly!
You are too injured to fight recklessly!
You are too injured to fight recklessly!
You are too injured to fight recklessly!
You are too injured to fight recklessly!
You are too injured to fight recklessly!
You see here a giant cockroach corpse.
The goblin hits you but does no damage. The goblin hits you but does no damage.
You hit the goblin.
You kill the goblin!
The orc hits you with a +0 flail.
Things that are here:
a +0 dagger; a goblin corpse You closely miss the orc.
The orc hits you but does no damage.
You hit the orc.
The orc is severely wounded.
The orc hits you with a +0 flail.
You die...

..... ..... .........# ##
#........##
#..######.........#
..................#
..................# ###
#.#.........# ..## #.
#@#.......... #..#### #.
#o#.†.†...... ..)...###.#
###............ .#........#
#...r#.........
######..#.####.#.##.........
#.....................
##......####..........
#.#....#####.........
####....#....####......#


You could see an orc and a rat.

Vanquished Creatures
  A dart slug (D:1)
  3 giant cockroaches
  10 goblins
  4 hobgoblins
  3 jackals (D:2)
  3 kobolds (D:1)
  A ball python (D:1)
  5 bats
  4 rats
34 creatures vanquished.

Vanquished Creatures (others)
  3 plants (D:2)
3 creatures vanquished.

Grand Total: 37 creatures vanquished

Notes
Turn   | Place    | Note
-------+----------+-------------------------------------------
     0 | D:1      | Pyrtan the Gargoyle Earth Elementalist began the quest for
                  | the Orb.
     0 | D:1      | Reached XP level 1. HP: 10/10 MP: 3/3
   296 | D:1      | Reached skill level 4 in Earth Magic
   296 | D:1      | Reached XP level 2. HP: 14/15 MP: 5/5
   733 | D:1      | Reached XP level 3. HP: 19/19 MP: 6/6
   738 | D:1      | Learned a level 3 spell: Stone Arrow
  1231 | D:2      | Slain by an orc

Illustrated notes

Levels and vault maps discovered:
D:1:      elethiomel_arrival_infinity_welcomes_careful_drivers,
          layout_loops_ring, st_stairs_8, minmay_octomino_j4
D:2:      layout_rooms, nicolae_ru_the_path_less_chosen, uniq_terence

Skill      XL: |  1 |
---------------+----+-----
Earth Magic    | 4 |  4.5
Dodging        | |  1.5
Stealth        | |  2.1
Spellcasting   | |  2.8
Conjurations   | |  0.7
Transmutations | |  0.7

Action                   || total
-------------------------++-------
Melee: Unarmed           ||    15
       Club              ||    50
       Dagger            ||    53
Throw: Dart              ||     3
 Cast: Sandblast         ||     7
 Stab: Sleeping          ||     4
Armor: Robe              ||    54
Dodge: Dodged            ||    98

Table legend: (Time is in decaauts)
 A = Elapsed time spent in this place.
 B = Non-inter-level travel time spent in this place.
 C = Inter-level travel time spent in this place.
 D = Time resting spent in this place.
 E = Time spent auto-exploring this place.
 F = Levels seen in this place.
 G = Mean time per level.
                   A        B        C        D        E       F      G
               +--------+--------+--------+--------+--------+-----+--------+
         Total |   1244 |   1235 |      9 |    102 |    825 |   2 |  622.0 |
       Dungeon |   1244 |   1235 |      9 |    102 |    825 |   2 |  622.0 |
               +--------+--------+--------+--------+--------+-----+--------+

Top non-repeatable levels by time:
     D:1: 1064 daAuts
     D:2: 180 daAuts
